 Dungeon Crawl Stone Soup version 0.28.0-47-ge53b351184 (webtiles) character file.

Game seed: 12073950916143909986

2730 Zeld the Changer (level 9, -1/61 HPs)
             Began as an Octopode Transmuter on May 10, 2022.
             Was an Initiate of Gozag.
             Slain by a centaur
             ... wielding a +0 quarterstaff
              (3 damage)
             ... on level 6 of the Dungeon.
             The game lasted 00:11:39 (12115 turns).

Zeld the Changer (Octopode Transmuter)             Turns: 12115, Time: 00:11:41

Health: -1/61      AC:  1    Str: 14    XL:     9   Next: 67%
Magic:  15/15      EV: 14    Int: 15    God:    Gozag
Gold:   614        SH:  5    Dex: 12    Spells: 3/18 levels left

rFire   . . .      SeeInvis .     - Unarmed
rCold   . . .      Faith    .   (no shield)
rNeg    . . .      Spirit   .   (helmet restricted)
rPois   .          Reflect  +   s - amulet of reflection
rElec   .          Harm     .   (no ring)
rCorr   .          Rampage  .   (no ring)
Will    .....                   (no ring)
Stlth   ++++......              (no ring)
HPRegen 0.20/turn               (no ring)
MPRegen 0.14/turn               (no ring)
                                (no ring)
                                (no ring)

@: no status effects
A: almost no armour, amphibious, 8 rings, camouflage 1, gelatinous body 1,
(nimble swimmer 1), tentacles, low MP 1
a: Renounce Religion, Potion Petition, Call Merchant, Bribe Branch


You were on level 6 of the Dungeon.
You worshipped Gozag.
Gozag was pleased with you.
You visited 2 branches of the dungeon, and saw 7 of its levels.
You also visited: Sewer.

You collected 984 gold pieces.
You spent 329 gold pieces at shops.
You paid 41 gold pieces to Gozag.

Inventory:

Jewellery
 s - an amulet of reflection (around mantle)
Wands
 l - a wand of acid (9)
 o - a wand of iceblast (14)
 u - a wand of flame (10)
Scrolls
 d - 2 scrolls of enchant weapon
 e - 2 scrolls of magic mapping
 f - 4 scrolls of teleportation
 j - 2 scrolls of blinking
 m - 4 scrolls of enchant armour {unknown}
 n - a scroll of noise {unknown}
 p - 3 scrolls of acquirement {unknown}
 r - a scroll of immolation {unknown}
Potions
 a - a potion of lignification {unknown}
 b - 4 potions of flight
 c - a potion of might {unknown}
 g - 3 potions of mutation {unknown}
 h - a potion of cancellation {unknown}
 k - 2 potions of heal wounds {unknown}
 q - 2 potions of invisibility {unknown}


   Skills:
 * Level 5.5 Fighting
 + Level 4.3 Dodging
 + Level 5.5 Stealth
 + Level 4.8 Unarmed Combat
 * Level 5.3 Spellcasting
 * Level 5.7 Transmutations
 - Level 2.0 Ice Magic
 - Level 2.0 Poison Magic
 * Level 4.8 Evocations


You had 3 spell levels left.
You knew the following spells:

 Your Spells              Type           Power      Damage    Failure   Level
a - Beastly Appendage     Tmut           42%        N/A       1%          1
b - Wereblood             Tmut           21%        N/A       2%          2
c - Spider Form           Tmut/Pois      15%        N/A       10%         3
d - Ice Form              Ice/Tmut       15%        N/A       32%         4
e - Blade Hands           Tmut           10%        N/A       38%         5

Your spell library contained the following spells:

 Spells                   Type           Power      Damage    Failure   Level
 Passwall                 Tmut/Erth      10%        N/A       8%          2
 Ensorcelled Hibernation  Hex/Ice        14%        N/A       16%         2
 Swiftness                Air            4%         N/A       43%         3
 Irradiate                Conj/Tmut      6%         3d16      80%         5
 Dragon Form              Tmut           10%        N/A       100%        7


Dungeon Overview and Level Annotations

Branches:
Dungeon (6/15)             Temple (1/1) D:6           Sewer (visited)

Altars:
Ashenzari
Cheibriados
Elyvilon
Fedhas
Gozag
Hepliaklqana
Kikubaaqudgha
Nemelex Xobeh
Okawaru
Qazlal
Ru
Trog
Uskayaw
Vehumet
Wu Jian
Yredelemnul
Zin

Shops:
D:3 *   D:4 (

Annotations:
D:6 1 runed translucent door, Crazy Yiuf


Innate Abilities, Weirdness & Mutations

You cannot wear most types of armour.
You are amphibious.
You can wear up to eight rings at the same time.
Your skin changes colour to match your surroundings (Stealth+).
Your rubbery body absorbs attacks. (AC +1, EV +1)
((You are camouflaged when in or above water. (Stealth+)))
You have tentacles for arms and can constrict up to eight enemies at once.
Your magical capacity is low. (-10% MP)


Message History

You tentacle-slap the gnoll but do no damage.
You grab the gnoll.
The gnoll is severely wounded.
You constrict the gnoll. The gnoll misses you.
You tentacle-slap the gnoll.
You kill the gnoll!
No target in view!
You now have 614 gold pieces (gained 7).
You see here a +0 spear.
Your magical contamination has completely faded away.
No target in view!
A centaur is nearby!
A centaur is nearby!
There is an open door here.
You start waiting.
Done waiting.
There is an open door here.
The centaur shouts!
The centaur unwields a +0 quarterstaff.
The centaur wields a +0 shortbow.
The centaur shoots an arrow.
You reflect the arrow off an invisible shield around you!
The arrow hits the centaur!
The centaur shoots an arrow.
The arrow hits you!
The centaur shoots an arrow.
The arrow hits you!
A water moccasin skeleton comes into view.
The centaur shoots an arrow.
The arrow hits you!
You are too injured to fight recklessly!
Casting: Spider Form (dangerous; 10% risk of failure)
Confirm with . or Enter, or press ? or * to list all spells.
The spell is quite dangerous to miscast (38% risk of failure)!
Continue anyway?
Okay, then.
The centaur shoots an arrow.
The arrow hits you!
* * * LOW HITPOINT WARNING * * *
The centaur unwields a +0 shortbow.
The centaur wields a +0 quarterstaff.
You block the centaur's attack. The centaur kicks you.
* * * LOW HITPOINT WARNING * * *
The centaur hits you with a +0 quarterstaff!
* * * LOW HITPOINT WARNING * * *
The centaur kicks you.
You die...
Your body crumbles into a pile of gold.

♣♣.♣
#..#'##........#....
♣.♣♣
#..#..#........#####
#+#
#..'..##'####.....##
...
#..#####....#.....#.
#...#
#......#....#..^..#.
#)..#
#......#....#.....#.
#####
#/.....#....#.....#.
#......#..###.....##
###@...########.....
#.c..#..#...#.....
#Z...#..#...'.....
'....#..#...#.....
#....#.[#...#.....
#....##'###.#.....
....##..###.##....
....#........#....
#........#....


You could see a centaur and a water moccasin skeleton.

Vanquished Creatures
  2 slime creatures (D:5)
  A black bear (D:6)
  3 ogres
  4 kobold brigands
  A gnoll sergeant (D:6)
  A bullfrog (D:6)
  10 scorpions
  3 wights (D:6)
  6 jellies (D:5)
  A hound (D:5)
  An orc priest (D:6)
  A centaur skeleton (D:5)
  Ijyb (D:5)
  3 iguanas
  A merfolk siren (Sewer)
  2 orc wizards (D:6)
  A merfolk avatar (Sewer)
  2 hound skeletons
  A howler monkey zombie (D:6)
  6 gnolls
  11 adders
  A river rat (Sewer)
  A white imp (D:6)
  An adder skeleton (D:4)
  3 worms
  2 dart slugs
  9 orcs
  8 endoplasms
  7 giant cockroaches
  6 goblins
  12 hobgoblins
  8 jackals
  7 kobolds
  4 quokkas
  15 ball pythons
  5 bats
  5 frilled lizards
  26 rats
182 creatures vanquished.

Vanquished Creatures (others)
  A human (D:5)
  A phantom (D:5)
  8 fungi (D:5)
  A plant (D:6)
  7 toadstools (D:5)
18 creatures vanquished.

Grand Total: 200 creatures vanquished

Notes
Turn   | Place    | Note
-------+----------+-------------------------------------------
     0 | D:1      | Zeld the Octopode Transmuter began the quest for the Orb.
     0 | D:1      | Reached XP level 1. HP: 13/13 MP: 3/3
   176 | D:1      | Reached XP level 2. HP: 18/18 MP: 3/5
   179 | D:1      | Learned a level 2 spell: Wereblood
   239 | D:1      | Found a faded altar of an unknown god.
   468 | D:1      | Reached skill level 1 in Stealth
   702 | D:1      | Reached XP level 3. HP: 23/23 MP: 4/6
   706 | D:1      | Learned a level 3 spell: Spider Form
  1404 | D:2      | Reached XP level 4. HP: 18/29 MP: 3/7
  2912 | D:3      | Found Suihuz's Assorted Antiques.
  2921 | D:3      | Bought an emerald potion for 23 gold pieces
  2921 | D:3      | Bought a bubbling puce potion for 23 gold pieces
  3111 | D:3      | Found an iron altar of Okawaru.
  3125 | D:3      | Reached XP level 5. HP: 26/34 MP: 7/9
  3702 | D:4      | Noticed an ogre
  3710 | D:4      | Killed an ogre
  3711 | D:4      | Reached XP level 6. HP: 41/41 MP: 6/10
  3719 | D:4      | Learned a level 4 spell: Ice Form
  3805 | D:4      | Identified the +0 hand axe "Qutiutuh" {antimagic, Drain
                  | rPois rC+}
  3866 | D:4      | Found Raetsucs's Antique Weapon Shop.
  4880 | D:4      | Found an opulent altar of Gozag.
  4884 | D:4      | Became a worshipper of Gozag Ym Sagoz the Greedy
  5042 | D:3      | Bought a sapphire potion for 23 gold pieces
  5042 | D:3      | Bought a scroll labelled PAONGEA VAONN for 26 gold pieces
  5071 | D:5      | Entered Level 5 of the Dungeon
  5213 | D:5      | Found a glowing drain.
  5307 | Sewer    | Entered a sewer
  6322 | Sewer    | Reached XP level 7. HP: 46/46 MP: 7/12
  6326 | Sewer    | Reached skill level 1 in Poison Magic
  7100 | D:5      | Reached skill level 1 in Ice Magic
  7255 | D:5      | Found an ancient bone altar of Kikubaaqudgha.
  7307 | D:5      | Reached skill level 1 in Evocations
  7447 | D:5      | Noticed a human
  7450 | D:5      | Killed a human
  7613 | D:5      | Noticed Ijyb
  7630 | D:5      | Killed Ijyb
  7923 | D:4      | Reached XP level 8. HP: 36/54 MP: 9/13
  8414 | D:5      | Noticed a slime creature
  8414 | D:5      | Noticed a slime creature
  8430 | D:5      | Killed a slime creature
  8814 | D:3      | Bought a scroll of identify for 52 gold pieces
  8814 | D:3      | Bought a scroll of identify for 52 gold pieces
  8814 | D:3      | Bought a forked ivory wand for 104 gold pieces
  8814 | D:3      | Bought a scroll labelled SEUREI PIDEKH for 26 gold pieces
  9368 | D:5      | Killed a slime creature
  9390 | D:5      | Gained mutation: Your magical capacity is low. (-10% MP)
                  | [mutagenic glow]
  9605 | D:6      | Found a staircase to the Ecumenical Temple.
  9614 | D:6      | Reached skill level 5 in Transmutations
  9614 | D:6      | Reached XP level 9. HP: 43/59 MP: 10/14
  9620 | D:6      | Learned a level 5 spell: Blade Hands
  9842 | D:6      | Reached skill level 5 in Fighting
  9924 | D:6      | Found a blossoming altar of Fedhas.
 10392 | D:6      | Reached skill level 5 in Stealth
 10544 | D:6      | Reached skill level 5 in Spellcasting
 10610 | D:6      | Found a runed translucent door.
 10611 | D:6      | Noticed Crazy Yiuf
 10746 | D:6      | Found a runed translucent door.
 10759 | D:6      | Found a runed translucent door.
 11070 | Temple   | Entered the Ecumenical Temple
 12115 | D:6      | HP: 2/61 [centaur/+0 quarterstaff (13)]
 12115 | D:6      | Slain by a centaur

Illustrated notes

Levels and vault maps discovered:
D:1:      elethiomel_arrival_quiet, layout_loops_ring,
          ebering_ecumenical_altar_abandoned
D:2:      layout_basic
D:3:      layout_rooms, okawaru_gym_becter, serial_shops, shop
D:4:      layout_loops_ring, mainiacjoe_overflow_alcove_1, serial_shops, shop
D:5:      cheibrodos_fertilizer, layout_cave_pools, tgw_kikubaaqudgha,
          portal_sewer_entry_d, corner_web_ring, minmay_statues_item, uniq_ijyb
D:6:      lemuel_insect_pit, layout_gridville, fedhas_ov_isle_minmay,
          minmay_temple_entry_proselytizer, minmay_misc_feat_alley,
          uniq_crazy_yiuf_cottage
Temple:   nicolae_temple_figure_eight

Skill      XL: |  1  2  3  4  5  6  7  8  9 |
---------------+----------------------------+-----
Stealth        | 1 2 3 4 5 |  5.5
Fighting       | 2 3 4 5 |  5.5
Spellcasting   | 3 4 5 |  5.3
Transmutations | 3 4 5 |  5.7
Dodging        | 3 4 |  4.3
Poison Magic   | 1 2 |  2.0
Ice Magic      | 1 2 |  2.0
Evocations     | 1 3 4 |  4.8
Unarmed Combat | 4 |  4.8

Action                   |  1- 3 |  4- 6 |  7- 9 || total
-------------------------+-------+-------+-------++-------
Melee: Unarmed           |    63 |   182 |   187 ||   432
       Kick              |    17 |    39 |    18 ||    74
       Punch             |     4 |     2 |     2 ||     8
       Constrict         |    17 |    41 |    19 ||    77
       Tentacles         |    11 |    16 |    23 ||    50
       Hand axe          |       |    10 |       ||    10
 Cast: Beastly Appendage |    20 |    34 |     9 ||    63
       Spider Form       |     2 |     5 |    12 ||    19
       Ice Form          |       |     1 |     5 ||     6
       Blade Hands       |       |       |     5 ||     5
 Abil: End Transformatio |       |       |     1 ||     1
  Use: Scroll            |       |     5 |     3 ||     8
 Stab: Sleeping          |     6 |    10 |     3 ||    19
       Distracted        |       |     2 |     1 ||     3
Armor: Skin              |     5 |    10 |    11 ||    26
Dodge: Dodged            |    29 |   191 |   116 ||   336
Block: Other             |       |       |     4 ||     4
       Reflection        |       |       |     1 ||     1
